AoeStats
← Dejá

African Clearing

510331053Analyzed
2v2 RM · 14h ago on Sep 30, 2026· 44m 56s· 4 players
Game mode
Random Map
Map size
Medium (4 player)
Population
200
Speed
Normal
Resources
Standard
Victory
Conquest
Starting age
Dark Age
Ending age
Imperial Age
RankedLock teamsTeams togetherTeam positionsShared explorationLock speedFull tech treeHidden civsTurbo modeCheats
Victory
Defeat
🇹🇷 Mongols · Türkiye
1120
+19
🇰🇬 Magyars · Kyrgyzstan
1082
+21
🇷🇺 Poles · Russia
1208
-20
🇦🇷 Cumans · Argentina
1178
-20
1vankazuV
6:09 Loom
15:14 Feudal Age
16:21 Double-Bit Axe
19:27 Castle Age
18:48 Fletching
18:51 Gold Mining
20:29 Bow Saw
21:31 Bodkin Arrow
23:07 Padded Archer Armor
25:42 Wheelbarrow
25:42 Ballistics
27:40 Hand Cart
34:13 Imperial Age
32:28 Leather Archer Armor
32:17 Husbandry
32:37 Stone Mining
35:15 Bracer
36:17 Chemistry
36:03 Bloodlines
36:00 Thumb Ring
36:17 Elite Skirmisher
38:16 Gold Shaft Mining
42:59 Elite Mangudai
LL_CooL_J
3:46 Loom
14:41 Feudal Age
18:57 Castle Age
18:16 Bloodlines
20:17 Double-Bit Axe
26:04 Castle Age
25:38 Stone Mining
34:19 Wheelbarrow
33:29 Town Watch
Lastik
3:20 Loom
12:51 Feudal Age
17:16 Forging
17:12 Scale Barding Armor
19:55 Horse Collar
20:50 Bloodlines
25:24 Castle Age
24:04 Double-Bit Axe
26:50 Fletching
27:07 Town Watch
28:18 Heavy Plow
28:32 Bow Saw
30:53 Ballistics
31:02 Padded Archer Armor
32:28 Bodkin Arrow
33:27 Leather Archer Armor
34:06 Wheelbarrow
33:48 Husbandry
34:45 Elite Skirmisher
41:19 Imperial Age
40:30 Light Cavalry
41:22 Winged Hussar
44:14 Conscription
45:37 Chemistry
45:33 Hand Cart
Dejá
2:47 Loom
12:51 Feudal Age
28:37 Castle Age
28:06 Scale Barding Armor
28:36 Forging
29:23 Bloodlines
35:01 Chain Barding Armor
Connection lost

Rejoining the realm…

Still unreachable

The connection could not be restored.

Session expired

The server has moved on; the page needs a fresh start.